 Dungeon Crawl Stone Soup version 0.21-a0-496-g696f58f (webtiles) character file.

1033 sagitran the Ogre Mage (level 8, -9/75 HPs)
             Began as an Ogre Wizard on Nov 23, 2017.
             Was a Believer of Okawaru.
             Mangled by a troll (11 damage)
             ... on level 6 of the Dungeon.
             The game lasted 00:40:28 (4915 turns).

sagitran the Ogre Mage (Ogre Wizard)                Turns: 4915, Time: 00:40:30

Health: -9/75      AC:  5    Str: 12    XL:     8   Next: 24%
Magic:  0/8        EV: 13    Int: 20    God:    Okawaru [**....]
Gold:   407        SH:  0    Dex:  8    Spells: 3/19 levels left

rFire    . . .     SeeInvis .   z - +9 dagger "Wenuis" {antimagic, +Blink rN+}
rCold    . . .     Gourm    .   (no shield)
rNeg     + . .     Faith    .   a - +0 robe
rPois    .         Spirit   .   b - +0 hat
rElec    .         Reflect  .   (no cloak)
rCorr    .         Harm     .   (gloves unavailable)
MR       +....                  (boots unavailable)
Stlth    +++.......             i - amulet of regeneration
HPRegen  0.62/turn              B - ring of protection from magic
MPRegen  0.11/turn              q - ring of magical power

@: heroism, very slightly contaminated
A: large, unfitting armour, talons 1, yellow scales 1, tough skin 1
a: Heroism, Renounce Religion, Evoke Blink


You were on level 6 of the Dungeon.
You worshipped Okawaru.
Okawaru was pleased with you.
You were not hungry.

You visited 1 branch of the dungeon, and saw 6 of its levels.

You collected 407 gold pieces.

Inventory:

Hand Weapons
 e - a +0 spear
 v - a +0 trident
 x - a +0 halberd
 z - the +9 dagger "Wenuis" (weapon) {antimagic, +Blink rN+}
   (You found it on level 4 of the Dungeon)

   It reduces the magical energy of the wielder, and disrupts the spells and
   magical abilities of those hit.
   Natural abilities and divine invocations are not affected.
   It protects you from negative energy.
   It lets you blink.
Missiles
 j - 154 stones (quivered)
Armour
 a - a +0 robe (worn)
 b - a +0 hat (worn)
Jewellery
 i - an amulet of regeneration (around neck)
 q - a ring of magical power (right hand)
 w - an uncursed ring of resist corrosion
 B - a ring of protection from magic (left hand)
 E - an uncursed ring of fire
Wands
 h - a wand of flame (32)
 A - a wand of clouds (6)
Scrolls
 f - a scroll of immolation
 p - a scroll of blinking
 s - 5 scrolls of remove curse
 u - a scroll of fog
 y - a scroll of enchant weapon
 D - a scroll of noise {unknown}
Potions
 k - a potion of brilliance {unknown}
 m - a potion of lignification
Books
 c - a book of Minor Magic

   Spells                             Type                      Level
   a - Magic Dart                     Conjuration                  1
   b - Blink                          Translocation                2
   c - Call Imp                       Summoning                    2
   d - Slow                           Hexes                        2
   e - Conjure Flame                  Conjuration/Fire             3
   f - Mephitic Cloud                 Conjuration/Poison/Air       3
 C - a book of Misfortune

   Spells                             Type                      Level
   a - Confusing Touch                Hexes                        1
   b - Confuse                        Hexes                        3
   c - Gell's Gravitas                Translocation                3
   d - Petrify                        Transmutation/Earth          4
   e - Metabolic Englaciation         Hexes/Ice                    5
   f - Yara's Violent Unravelling     Hexes/Transmutation          5
Comestibles
 d - 4 bread rations
 g - 4 chunks of flesh
 n - a royal jelly
 t - 6 meat rations


   Skills:
 + Level 3.4(8.4) Fighting
 + Level 3.0(8.0) Short Blades
 + Level 2.8(7.8) Polearms
 + Level 0.1(5.1) Throwing
 + Level 3.8(8.8) Dodging
 + Level 2.1(7.1) Stealth
 + Level 6.4 Spellcasting
 + Level 1.5 Conjurations
 + Level 2.1 Summonings
 + Level 1.5 Translocations
 + Level 0.2 Fire Magic
 + Level 0.2 Air Magic
 + Level 0.3 Poison Magic
 + Level 0.1 Evocations


You had 3 spell levels left.
You knew the following spells:

 Your Spells              Type           Power        Failure   Level  Hunger
a - Magic Dart            Conj           ##..         5%          1    None
b - Blink                 Tloc           N/A          8%          2    None
c - Call Imp              Summ           ###.....     6%          2    None
d - Slow                  Hex            #.......     16%         2    None
e - Conjure Flame         Conj/Fire      #.......     21%         3    ##.....
f - Mephitic Cloud        Conj/Pois/Air  #.......     22%         3    ##.....
g - Confuse               Hex            #.......     30%         3    ##.....


Dungeon Overview and Level Annotations

Branches:
Dungeon (6/15)
 Temple: D:4-7

Altars:
Dithmenos
Fedhas
Nemelex Xobeh
Okawaru
Trog

Annotations:
D:5 5 runed doors


Innate Abilities, Weirdness & Mutations

You are too large for most types of armour.
You have tough skin. (AC +1)
You have sharp toenails.
You are partially covered in yellow scales. (AC +2)


Message History

The troll bites you! The troll claws you. The troll closely misses you.
You completely miss the troll.
The troll is moderately wounded.
The troll bites you! The troll misses you. The troll claws you!
You barely miss the troll.
The troll is moderately wounded.
You hit the troll. You claw the troll.
The troll is moderately wounded.
The troll barely misses you. The troll closely misses you. The troll claws you!
* * * LOW HITPOINT WARNING * * *
You hit the troll.
The troll is heavily wounded.
You puncture the troll!
The troll is severely wounded.
The troll bites you!!
* * * LOW HITPOINT WARNING * * *
The troll claws you.
* * * LOW HITPOINT WARNING * * *
The troll claws you!
You die...

....###..####...#.##
..### #..##....##..#
.## #.......####.#
## #......## #.## ..
...)......# ##.##
............##
###..# ..####......#
###..### .#
#......###...##
##.........@##
##.......T.#
........# ........#
......... .........
..####### .#


You could see a troll.

Vanquished Creatures
  Duvessa (D:6)
  An ice beast (D:5)
  A phantom (D:6)
  2 bullfrogs (D:6)
  Dowan (D:6)
  A crimson imp (D:5)
  A hound (D:6)
  A quasit (D:5)
  An orc priest (D:5)
  An orc wizard (D:5)
  An iguana (D:5)
  3 worker ants
  A hound skeleton (D:6)
  A worker ant zombie (D:6)
  7 adders
  3 oozes
  4 worms
  A leopard gecko (D:3)
  6 orcs
  3 giant cockroaches
  7 goblins
  8 hobgoblins
  10 jackals
  2 quokkas (D:3)
  3 bats
  3 frilled lizards
  7 kobolds
  9 rats
90 creatures vanquished.

Vanquished Creatures (collateral kills)
  A bullfrog (D:5)
  A gnoll sergeant (D:4)
  A hound (D:4)
  An orc wizard (D:4)
  3 gnolls (D:4)
  A worm (D:3)
  3 orcs (D:4)
11 creatures vanquished.

Grand Total: 101 creatures vanquished

Notes
Turn   | Place    | Note
-------+----------+-------------------------------------------
     0 | D:1      | sagitran the Ogre Wizard began the quest for the Orb.
     0 | D:1      | Reached XP level 1. HP: 16/16 MP: 5/5
   179 | D:1      | Reached XP level 2. HP: 24/24 MP: 3/6
   601 | D:2      | Noticed a phantom
   606 | D:2      | Learned a level 2 spell: Blink
   764 | D:2      | Learned a level 2 spell: Call Imp
   767 | D:2      | Learned a level 2 spell: Slow
   891 | D:2      | Reached skill level 1 in Polearms
  1096 | D:2      | Reached skill level 4 in Spellcasting
  1117 | D:2      | Reached XP level 3. HP: 30/32 MP: 6/8
  1369 | D:2      | Reached skill level 1 in Fighting
  1847 | D:3      | Learned a level 3 spell: Conjure Flame
  1923 | D:3      | Noticed a moth of wrath
  1926 | D:3      | Found a bloodstained altar of Trog.
  2050 | D:3      | Reached XP level 4. HP: 27/42 MP: 10/10
  2159 | D:3      | Found an iron altar of Okawaru.
  2172 | D:3      | Became a worshipper of Warmaster Okawaru
  2200 | D:3      | Found a sparkling altar of Nemelex Xobeh.
  2377 | D:4      | Reached skill level 1 in Summonings
  2382 | D:4      | Noticed a gnoll sergeant
  2394 | D:4      | Killed a gnoll sergeant
  2394 | D:4      | Reached skill level 1 in Conjurations
  2394 | D:4      | Reached XP level 5. HP: 32/49 MP: 3/11
  2408 | D:4      | Reached * piety under Okawaru
  2515 | D:4      | Learned a level 3 spell: Mephitic Cloud
  2619 | D:4      | Got a brightly glowing dagger
  2620 | D:4      | Identified the +9 dagger "Wenuis" {antimagic, +Blink rN+} (You found it on level 4 of the Dungeon)
  2760 | D:3      | Reached XP level 6. HP: 52/57 MP: 1/13
  2961 | D:4      | Found a blossoming altar of Fedhas.
  3008 | D:4      | Reached skill level 5 in Spellcasting
  3222 | D:5      | Entered Level 5 of the Dungeon
  3317 | D:5      | Found a runed door.
  3317 | D:5      | Noticed a soldier ant
  3318 | D:5      | Found a runed gate.
  3318 | D:5      | Noticed a soldier ant
  3321 | D:5      | Noticed a soldier ant
  3327 | D:5      | Found a runed door.
  3329 | D:5      | Found the +9 staff of Olgreb {rPois}
  3430 | D:5      | Reached skill level 1 in Translocations
  3542 | D:5      | Found a shadowy altar of Dithmenos.
  3565 | D:5      | Noticed a soldier ant
  3565 | D:5      | Noticed a water moccasin
  3566 | D:5      | Noticed a water moccasin
  3566 | D:5      | Noticed a water moccasin
  3566 | D:5      | Found a runed gate.
  3579 | D:5      | Found a runed gate.
  3735 | D:5      | Reached skill level 1 in Short Blades
  3735 | D:5      | Reached XP level 7. HP: 63/65 MP: 8/15
  4091 | D:6      | Noticed Duvessa
  4091 | D:6      | Noticed Dowan
  4110 | D:6      | Killed Duvessa
  4110 | D:6      | Reached ** piety under Okawaru
  4117 | D:6      | Killed Dowan
  4174 | D:6      | Gained mutation: You have sharp toenails. [potion of mutation]
  4174 | D:6      | Gained mutation: You are partially covered in yellow scales. (AC +2) [potion of mutation]
  4415 | D:5      | Reached skill level 6 in Spellcasting
  4415 | D:5      | Reached XP level 8. HP: 13/75 MP: 0/17
  4810 | D:6      | Learned a level 3 spell: Confuse
  4903 | D:6      | Noticed a troll
  4915 | D:6      | HP: 3/75 [troll (18)]
  4915 | D:6      | Mangled by a troll

Vault maps used:
D:1:      lightli_arrival_maybe_door_vault
D:2:      minivault_19
D:3:      nemelex_xobeh_ov_fountains_minmay, overflow_temple_1_default,
          nrook_mini_vaults, tgw_trog
D:4:      fedhas_altar_1
D:5:      grunt_dithmenos_smoke_and_mirrors, first_bread,
          minmay_guarded_unrand_staff_of_olgreb
D:6:      uniq_duvessa

Skill      XL: |  1  2  3  4  5  6  7  8 |
---------------+-------------------------+-----
Dodging        | 2 3 |  3.8
Polearms       | 1 2 |  2.8
Spellcasting   | 4 5 6 |  6.4
Fighting       | 1 2 3 |  3.4
Summonings     | 1 2 |  2.1
Conjurations   | 1 |  1.5
Translocations | 1 |  1.5
Short Blades   | 1 2 3 |  3.0
Stealth        | 2 |  2.1
Throwing       | |  0.1
Fire Magic     | |  0.2
Air Magic      | |  0.2
Poison Magic   | |  0.3
Evocations     | |  0.1

Action                   |  1- 3 |  4- 6 |  7- 9 || total
-------------------------+-------+-------+-------++-------
Melee: Spear             |   193 |       |     3 ||   196
       Unarmed           |     6 |       |       ||     6
       Trident           |    17 |    31 |       ||    48
       Dagger            |       |    69 |    95 ||   164
       Halberd           |       |     9 |       ||     9
       Kick              |       |       |    16 ||    16
Throw: Stone             |    13 |    14 |     4 ||    31
 Cast: Magic Dart        |    30 |     7 |     4 ||    41
       Slow              |     2 |       |       ||     2
       Blink             |     2 |     3 |     2 ||     7
       Call Imp          |     5 |     5 |     4 ||    14
       Conjure Flame     |       |    10 |     2 ||    12
       Mephitic Cloud    |       |     3 |     5 ||     8
Invok: Heroism           |       |       |     1 ||     1
 Abil: Evoke Blink       |       |       |     1 ||     1
Evoke: Wand              |     1 |       |       ||     1
  Use: Scroll            |     8 |     8 |     2 ||    18
       Potion            |     3 |     2 |     4 ||     9
  Eat: Chunk             |     4 |     7 |     4 ||    15
Armor: Robe              |    47 |    44 |    26 ||   117
Dodge: Dodged            |    98 |    56 |    69 ||   223

Table legend:
 A = Spawn XP
 B = Non-spawn XP
 C = Spawn XP percentage of total XP
 D = Spawn monster count
 E = Non-spawn monster count
 F = Spawn count percentage of total count
 G = Total turns spent on level
                    A         B        C        D         E        F      G
               +---------+---------+-------+---------+---------+-------+---------
         Total |       0 |    1476 |   0.0 |       0 |     101 |   0.0 |  4915
               +---------+---------+-------+---------+---------+-------+---------
           D:1 |       0 |      13 |   0.0 |       0 |       9 |   0.0 |   655
           D:2 |       0 |      35 |   0.0 |       0 |      16 |   0.0 |  1012
           D:3 |       0 |      73 |   0.0 |       0 |      28 |   0.0 |   811
           D:4 |       0 |     240 |   0.0 |       0 |      18 |   0.0 |   744
           D:5 |       0 |     530 |   0.0 |       0 |      20 |   0.0 |   978
           D:6 |       0 |     585 |   0.0 |       0 |      10 |   0.0 |   715
               +---------+---------+-------+---------+---------+-------+---------
